 Dungeon Crawl Stone Soup version 0.28.0-45-g0d030f2227 (webtiles) character file.

Game seed: 7242698585541415456

121 Gabide the Chiller (level 4, -5/35 HPs)
             Began as a Demigod Ice Elementalist on Apr 20, 2022.
             Slain by a lemure (8 damage)
             ... led by Pikel
             ... on level 4 of the Dungeon.
             The game lasted 00:06:18 (3869 turns).

Gabide the Chiller (Demigod Ice Elementalist)       Turns: 3869, Time: 00:06:19

Health: -5/35      AC:  2    Str:  9    XL:     4   Next: 49%
Magic:  4/10       EV: 12    Int: 27    God:
Gold:   190        SH:  0    Dex: 14    Spells: 1/8 levels left

rFire   . . .      SeeInvis .   k - +2 dagger (venom)
rCold   . . .      Faith    .   (no shield)
rNeg    . . .      Spirit   .   a - +0 robe
rPois   .          Reflect  .   (no helmet)
rElec   .          Harm     .   (no cloak)
rCorr   .          Rampage  .   (no gloves)
Will    +....                   (no boots)
Stlth   ++........              (no amulet)
HPRegen 0.11/turn               g - +6 ring of intelligence
MPRegen 0.12/turn               j - ring of willpower

@: no status effects
A: high MP 1, forlorn, divine attributes
a: no special abilities


You were on level 4 of the Dungeon.
You visited 1 branch of the dungeon, and saw 4 of its levels.

You collected 190 gold pieces.

Inventory:

Hand Weapons
 k - a +2 dagger of venom (weapon)
Missiles
 b - a throwing net
Armour
 a - a +0 robe (worn)
 d - an orb of mayhem
Jewellery
 g - a +6 ring of intelligence (left hand)
 j - a ring of willpower (right hand)
Scrolls
 c - a scroll of silence {unknown}
Potions
 e - a potion of brilliance
 f - a potion of lignification
 i - a potion of magic {unknown}
 l - a potion of berserk rage {unknown}


   Skills:
 * Level 1.5 Fighting
 * Level 2.6 Dodging
 + Level 2.2 Stealth
 * Level 2.5 Spellcasting
 * Level 4.1 Ice Magic


You had one spell level left.
You knew the following spells:

 Your Spells              Type           Power      Damage    Failure   Level
a - Freeze                Ice            100%       1d11      1%          1
b - Ozocubu's Armour      Ice            26%        N/A       4%          3
c - Frozen Ramparts       Ice            52%        1d7       4%          3

Your spell library contained the following spells:

 Spells                   Type           Power      Damage    Failure   Level
 Hailstorm                Conj/Ice       14%        3d5       36%         4
 Ozocubu's Refrigeration  Ice            13%        4d7       100%        7


Dungeon Overview and Level Annotations

Branches:
Dungeon (4/15)
 Temple: D:4-7

Shops:
D:1 *

Annotations:
D:4 Pikel


Innate Abilities, Weirdness & Mutations

You have an increased reservoir of magic. (+10% MP)
You shall have no god before yourself.
Your divine heritage dramatically boosts your attributes as you level up.


Message History

The wall freezes the lemure.
The wall freezes Pikel.
Pikel hits you with a +0 whip of flaming!
Pikel burns you.
Casting: Freeze (safe; 1% risk of failure)
Confirm with . or Enter, or press ? or * to list all spells.
A film of ice covers your body!
The wall freezes the lemure.
The lemure closely misses you.
The wall freezes the lemure.
Aiming: Freeze (safe; 1% risk of failure)
Press: ? - help, Q - select action, (/) - cycle Shift-Dir - straight line, f/p - Pikel
Aim: Pikel, wielding a +0 whip of flaming and wearing a +0 robe (moderately wounded)
You freeze Pikel.
Pikel is moderately wounded.
The wall freezes the lemure!
The lemure hits you!
* * * LOW HITPOINT WARNING * * *
The wall freezes the lemure.
The wall freezes Pikel.
Pikel says, "You'll feel the lick of my whip!"
Pikel hits you with a +0 whip of flaming.
* * * LOW HITPOINT WARNING * * *
Pikel burns you.
* * * LOW HITPOINT WARNING * * *
The heat melts your icy armour.
Okay, then.
Unknown command.
Unknown command.
Unknown command.
Your icy armour and frozen ramparts will break if you move.
Continue?
Your icy armour cracks and falls away as you move.
The frozen ramparts melt away as you move.
Unknown command.
Unknown command.
Okay, then.
Unknown command.
Press: ? - help, v - describe, . - travel
Here: a lemure (heavily wounded)
The floor.
Unknown command.
Unknown command.
There is a stone staircase leading up here.
The lemure hits you!
You die...

.#####.#5#...#
#K#5....#
#.#....###.
#..........
#####5#.#####
#.K.K)......#
#.####..###.#
#.####K# ...#
#...@5.# #.##
#..#.### ..
#..... ..#
##.###. #..
... .# ..# ###
#


You could see a lemure and a kobold.

Vanquished Creatures
  2 orc priests (D:3)
  An adder (D:2)
  4 orcs
  4 endoplasms
  5 goblins
  4 hobgoblins
  5 jackals (D:1)
  A quokka (D:1)
  4 ball pythons
  5 bats
  3 frilled lizards
  6 kobolds
  4 rats
48 creatures vanquished.

Notes
Turn   | Place    | Note
-------+----------+-------------------------------------------
     0 | D:1      | Gabide the Demigod Ice Elementalist began the quest for the
                  | Orb.
     0 | D:1      | Reached XP level 1. HP: 14/14 MP: 5/5
   542 | D:1      | Reached XP level 2. HP: 18/22 MP: 1/7
  1432 | D:1      | Reached skill level 1 in Fighting
  1710 | D:1      | Found Ynazun's General Store.
  2148 | D:2      | Reached XP level 3. HP: 28/28 MP: 6/8
  3077 | D:3      | Learned a level 3 spell: Ozocubu's Armour
  3281 | D:3      | Reached skill level 4 in Ice Magic
  3554 | D:3      | Reached XP level 4. HP: 35/35 MP: 6/10
  3844 | D:4      | Noticed Pikel
  3844 | D:4      | Noticed a lemure
  3844 | D:4      | Noticed a lemure
  3851 | D:4      | Learned a level 3 spell: Frozen Ramparts
  3851 | D:4      | Noticed a lemure
  3851 | D:4      | Noticed a lemure
  3869 | D:4      | Slain by a lemure

Illustrated notes

Levels and vault maps discovered:
D:1:      pf_arrival_petrified_forest, layout_basic, serial_shops, shop,
          minmay_tromino_mix6
D:2:      layout_basic, basic_altar
D:3:      layout_basic, kennysheep_ying_yang, evilmike_ruin_ashenzari,
          kennysheep_orc_chapel
D:4:      layout_basic, nicolae_hepliaklqana_hippocampus, uniq_natasha,
          uniq_pikel

Skill      XL: |  1  2  3 |
---------------+----------+-----
Dodging        | 2 |  2.6
Spellcasting   | 2 |  2.5
Fighting       | 1 |  1.5
Stealth        | 2 |  2.2
Ice Magic      | 4 |  4.1

Action                   |  1- 3 |  4- 6 || total
-------------------------+-------+-------++-------
Melee: Unarmed           |    10 |       ||    10
       Punch             |     1 |       ||     1
       Dagger            |       |     1 ||     1
 Cast: Freeze            |    70 |    11 ||    81
       Ozocubu's Armour  |       |     1 ||     1
       Frozen Ramparts   |       |     1 ||     1
  Use: Scroll            |     3 |       ||     3
       Potion            |     1 |       ||     1
Armor: Robe              |    11 |       ||    11
Dodge: Dodged            |    46 |     2 ||    48
